cohdb
Replays
Latest Replays
All Replays
Popular Replays
Top Player Replays
Match Explorer
How It Works
Community
CoH3 Stats
Reddit
Sign in to upload your games and track your stats! →
Sign in with Steam
Match 45445557
Unlisted
Match 45445557
Overview
Messages
Build Orders
End
Scout Squad
Selects Airborne Battlegroup
Selects Pathfinders
Engineer Squad
Construct Weapon Support Center
Bazooka Squad
Bazooka Squad
Improved M9 Bazooka Rockets
Selects Paratrooper Squad Paradrop
Paratrooper Squad Paradrop
Mechanized Support Center
Sniper
Selects Recon Loiter
Selects Supply Drop
Supply Drop
Construct Tank Depot
M4(105) Sherman Bulldozer
Selects Carpet Bombing Run
M18 Hellcat Tank Destroyer
Supply Drop
Carpet Bombing Run
Selects Anti-tank Gun Team Paradrop
M18 Hellcat Tank Destroyer
Supply Drop
Designate Forward Repair Station
Carpet Bombing Run
M18 Hellcat Tank Destroyer
Improvised Armor
Recon Loiter
Supply Drop
Recon Loiter
Schmarsten Ca$hgeier
Henk
water
Hirys it's Irys
DEHIM
Laughing Sun
Sturmi
rat.tat
0
0
Comments
sign in to comment!
No comments posted yet!